 Dungeon Crawl Stone Soup version 0.30-a0-738-g116ff8c4af (webtiles) character file.

Game seed: 6891802827663979650

312 Leeroy the Magician (level 6, -5/26 (30) HPs)
             Began as a Vine Stalker Warper on Feb 3, 2023.
             Slain by a wight
             ... wielding a +4 hand axe
              (9 damage)
             ... on level 4 of the Dungeon.
             The game lasted 00:03:30 (2730 turns).

Leeroy the Magician (Vine Stalker Warper)           Turns: 2730, Time: 00:03:30

HP:   -5/26 (30)    AC:  3    Str: 14    XL:     6   Next: 42%
MP:   0/14          EV: 11    Int: 13    God:
Gold: 150           SH:  5    Dex: 15    Spells: 13/15 levels left

rFire   . . .      SeeInvis .    y - +0 quarterstaff (spect)
rCold   . . .      Faith    .    (shield currently unavailable)
rNeg    . . .      Spirit   +    b - +0 leather armour
rPois   .          Reflect  +    (no helmet)
rElec   .          Harm     .    (no cloak)
rCorr   .          Rampage  .    (no gloves)
Will    .....                    (no boots)
Stlth   +                        D - amulet of reflection
HPRegen 1.04/turn                (no ring)
MPRegen 0.14/turn                (no ring)

@: heavily drained
A: fangs 2, regeneration 1, magic shield, antimagic bite, no potion heal 2
a: no special abilities


You were on level 4 of the Dungeon.
You visited 1 branch of the dungeon, and saw 4 of its levels.

You collected 150 gold pieces.

Inventory:

Hand Weapons
 a - a +0 falchion
 n - a +0 sling of draining
 p - the +1 mace "Amyenui" {venom, rF- Int+3 Dex+2 Stlth+}
   (You found it on level 2 of the Dungeon)

   Int:       It affects your intelligence (+3).
   Dex:       It affects your dexterity (+2).
   rF:        It makes you vulnerable to fire.
   Stlth:     It makes you more stealthy.
 u - the +5 mace "Relo" {elec, Fly rN+ Dex+3}
   (You found it on level 3 of the Dungeon)

   Dex:       It affects your dexterity (+3).
   rN:        It protects you from negative energy.
   Fly:       It grants you flight.
 w - a +0 short sword of flaming
 y - a +0 spectral quarterstaff (weapon)
 A - a +0 great sword
Missiles
 d - 7 boomerangs of dispersal (quivered)
 l - 3 boomerangs
 o - 6 silver javelins
 q - a throwing net
 F - 2 silver boomerangs
Armour
 b - a +0 leather armour (worn)
Magical Staves
 C - a staff of fire
Jewellery
 D - an amulet of reflection (around neck)
Scrolls
 c - 2 scrolls of blinking
 e - a scroll of butterflies {unknown}
 g - a scroll of teleportation {unknown}
 h - 2 scrolls of noise {unknown}
 k - 6 scrolls of fog
 m - 2 scrolls of identify {unknown}
 r - a scroll of silence {unknown}
 s - a scroll of enchant weapon {unknown}
 t - a scroll of amnesia {unknown}
 x - a scroll of vulnerability {unknown}
 B - a scroll of poison {unknown}
 E - a scroll of fear {unknown}
Potions
 f - a potion of resistance {unknown}
 i - 2 potions of flight {unknown}
 j - a potion of berserk rage {unknown}
 v - a potion of lignification {unknown}
 z - 2 potions of curing {unknown}


   Skills:
 - Level 1.7 Fighting
 - Level 3.6 Long Blades
 - Level 0.8 Throwing
 - Level 0.7 Armour
 - Level 1.5 Dodging
 + Level 1.5 Shields
 + Level 5.2 Spellcasting
 - Level 3.0 Translocations


You had 13 spell levels left.
You knew the following spells:

 Your Spells              Type           Power      Damage    Failure   Level
a - Blink                 Tloc           22%        N/A       11%         2

Your spell library contained the following spells:

 Spells                   Type           Power      Damage    Failure   Level
 Lesser Beckoning         Tloc           22%        N/A       11%         2
 Gell's Gravitas          Tloc           11%        N/A       21%         3
 Teleport Other           Tloc           11%        N/A       21%         3
 Cigotuvi's Dreadful Rot  Necr/Pois/Air  6%         N/A       34%         2
 Poisonous Vapours        Pois/Air       6%         N/A       34%         2
 Portal Projectile        Hex/Tloc       14%        N/A       36%         3
 Vhi's Electric Charge    Tloc/Air       14%        N/A       36%         3
 Mephitic Cloud           Conj/Pois/Air  3%         N/A       56%         3
 Tukima's Dance           Hex            3%         N/A       56%         3
 Manifold Assault         Tloc           11%        N/A       56%         4
 Blade Hands              Tmut           1%         N/A       100%        5


Dungeon Overview and Level Annotations

Branches:
Dungeon (4/15)
 Temple: D:4-7

Altars:


Innate Abilities, Weirdness & Mutations

You have extremely sharp teeth.
Your natural rate of healing is unusually fast.
When hurt, damage is shared between your health and your magic reserves.
Your bite disrupts and absorbs the magic of your enemies.
Potions cannot restore your health.


Message History

You barely miss the wight.
Your +0 spectral quarterstaff hits the wight!
The wight closely misses your +0 spectral quarterstaff.
The wight misses your +0 spectral quarterstaff.
The wight closely misses your +0 spectral quarterstaff.
You catch the helpless wight completely off-guard!
You hit the wight but do no damage.
The wight is almost destroyed.
Your +0 spectral quarterstaff hits the wight.
You destroy the wight!
The wight completely misses your +0 spectral quarterstaff.
Your Spellcasting skill increases to level 5!
The wight barely misses you.
Things that are here:
a +0 long sword; a +0 robe You barely miss the wight.
Your +0 spectral quarterstaff hits the wight.
The wight hits you with a +4 hand axe!
You feel drained.
The wight misses your +0 spectral quarterstaff.
You hit the wight.
The wight is moderately damaged.
Your +0 spectral quarterstaff closely misses the wight.
The wight hits you with a +4 hand axe.
You feel drained.
The wight misses your +0 spectral quarterstaff.
The wight hits you with a +4 hand axe!
* * * LOW HITPOINT WARNING * * *
The wight misses your +0 spectral quarterstaff.
You hit the wight. Your bite misses the wight.
The wight is heavily damaged.
Your +0 spectral quarterstaff hits the wight.
The wight hits you with a +4 hand axe.
* * * LOW HITPOINT WARNING * * *
You feel drained.
* * * LOW HITPOINT WARNING * * *
The wight hits your +0 spectral quarterstaff with a +4 hand axe.
You hit the wight.
The wight is almost destroyed.
Your +0 spectral quarterstaff hits the wight.
The wight hits you with a +4 hand axe!
You die...

...# ...#+###.......#
...######.............##
........#...............
........#...............
#####...#...............
....#...#...............
....#'###...............
..........#####.(z......
..........# #)@.......
..........# #.........
......†...# #.........
........>.# #.........
####......# #.........
...####'### #.........
... .... #.......## ...
...# #.......# ... ...#


You could see a wight and a friendly +0 spectral quarterstaff (summoned).

Vanquished Creatures
  2 wights (D:4)
  A hound (D:3)
  An orc wizard (D:4)
  6 adders
  An ufetubus (D:3)
  A worm (D:3)
  2 dart slugs (D:1)
  9 orcs
  4 endoplasms
  3 giant cockroaches
  10 goblins
  8 hobgoblins
  7 quokkas
  12 ball pythons
  3 bats
  3 frilled lizards
  7 kobolds
  7 rats
87 creatures vanquished.

Vanquished Creatures (others)
  8 plants (D:2)
8 creatures vanquished.

Grand Total: 95 creatures vanquished

Notes
Turn   | Place    | Note
-------+----------+-------------------------------------------
     0 | D:1      | Leeroy the Vine Stalker Warper began the quest for the Orb.
     0 | D:1      | Reached XP level 1. HP: 11/11 MP: 4/4
    46 | D:1      | Reached XP level 2. HP: 13/15 MP: 4/6
    59 | D:1      | Learned a level 2 spell: Blink
   362 | D:1      | Found a faded altar of an unknown god.
   501 | D:1      | Reached XP level 3. HP: 18/18 MP: 7/7
  1298 | D:2      | Identified the +1 mace "Amyenui" {venom, rF- Int+3 Dex+2
                  | Stlth+}
  1455 | D:2      | Gained mutation: Your natural rate of healing is unusually
                  | fast. [Vine Stalker growth]
  1455 | D:2      | Reached XP level 4. HP: 17/23 MP: 8/8
  1852 | D:3      | Reached skill level 3 in Spellcasting
  2090 | D:3      | Identified the +5 mace "Relo" {elec, Fly rN+ Dex+3}
  2329 | D:3      | Reached XP level 5. HP: 19/26 MP: 8/11
  2362 | D:3      | Reached skill level 4 in Spellcasting
  2724 | D:4      | Reached skill level 1 in Shields
  2724 | D:4      | Reached XP level 6. HP: 28/30 MP: 14/14
  2726 | D:4      | Reached skill level 5 in Spellcasting
  2730 | D:4      | Slain by a wight

Illustrated notes

Levels and vault maps discovered:
D:1:      dpeg_arrival_ternary, layout_loops_ring, shapermc_ecumenical_altar_gd,
          minmay_domino_4
D:2:      layout_basic, serial_forest, infiniplex_forest_lined_1,
          infiniplex_forest_lined_2, infiniplex_forest_clump_tiny,
          infiniplex_forest_end_1, infiniplex_forest_clump_C,
          infiniplex_forest_clump_double, infiniplex_forest_lined_2,
          infiniplex_forest_straight_2, infiniplex_forest_fountain,
          infiniplex_forest_clump_small
D:3:      layout_basic, minmay_randomly_rotated_circles
D:4:      layout_gridville, nicolae_ossuary_entry_monument

Skill      XL: |  1  2  3  4  5  6 |
---------------+-------------------+-----
Long Blades    | 2 3 |  3.6
Spellcasting   | 3 4 5 |  5.2
Shields        | 1 |  1.5
Fighting       | |  1.7
Throwing       | |  0.8
Armour         | |  0.7
Dodging        | |  1.5
Translocations | |  3.0

Action                     |  1- 3 |  4- 6 || total
---------------------------+-------+-------++-------
  Melee: Falchion          |   103 |       ||   103
         Bite              |    28 |    18 ||    46
         Punch             |     3 |       ||     3
         Mace              |     9 |    48 ||    57
         Quarterstaff      |       |    50 ||    50
    Use: Scroll            |       |     1 ||     1
   Stab: Sleeping          |     1 |     4 ||     5
         Distracted        |       |     1 ||     1
 Armour: Leather armour    |    40 |    28 ||    68
  Dodge: Dodged            |    57 |    65 ||   122
  Block: Other             |       |     5 ||     5

Table legend: (Time is in decaauts)
 A = Elapsed time spent in this place.
 B = Non-inter-level travel time spent in this place.
 C = Inter-level travel time spent in this place.
 D = Time resting spent in this place.
 E = Time spent auto-exploring this place.
 F = Levels seen in this place.
 G = Mean time per level.
                   A        B        C        D        E       F      G
               +--------+--------+--------+--------+--------+-----+--------+
         Total |   2781 |   2739 |     42 |      0 |   2088 |   4 |  695.2 |
       Dungeon |   2781 |   2739 |     42 |      0 |   2088 |   4 |  695.2 |
               +--------+--------+--------+--------+--------+-----+--------+

Top non-repeatable levels by time:
     D:2: 944 daAuts
     D:1: 892 daAuts
     D:3: 699 daAuts
     D:4: 246 daAuts
